[Event "ESP-chT 2nd Division 2019"]
[Site "Linares"]
[Date "2019.08.23"]
[Round "7.26"]
[White "Fernandez Barrera, Victor"]
[Black "Ayats Llobera, Gerard"]
[Result "1/2-1/2"]
[ECO "B42"]
[WhiteElo "2301"]
[BlackElo "2377"]
[Annotator "ChessBase"]
[PlyCount "70"]
[EventDate "2019.08.19"]
[EventType "team-tourn"]
[EventCountry "ESP"]
[SourceTitle "playchess.com"]
[Source "ChessBase"]
[SourceQuality "1"]
[TimeControl "5400+30"]

1. e4 c5 2. Nf3 e6 3. d4 cxd4 4. Nxd4 a6 5. Bd3 Qc7 6. O-O Nf6 7. Qe2 d6 8. Kh1 Nc6 9. Nxc6 Qxc6 10. f4 Nd7 11. c4 Be7 12. e5 O-O 13. Nc3 Qc7 14. exd6 Qxd6 15. Ne4 Qc6 16. b3 f5 17. Ng5 Bxg5 18. fxg5 b6 19. Ba3 Nc5 20. Bc2 a5 21. Rae1 Rf7 22. Qf3 Qxf3 23. gxf3 Rd7 24. Rd1 Kf7 25. Rfe1 Raa7 26. Kg2 Rxd1 27. Rxd1 Rd7 28. Rxd7+ Bxd7 29. Bb2 h6 30. gxh6 gxh6 31. Bd4 Bc6 32. Kg3 Nd7 33. Kf4 Kg6 34. a3 Kh5 35. Bg7 Kg6 {[%emt 0:00:25] Ke4} 1/2-1/2

[Event "ESP-chT 2nd Division 2019"]
[Site "Linares"]
[Date "2019.08.23"]
[Round "7.27"]
[White "Martin Gonzalez, Angel"]
[Black "Buendia Pinar, Alvaro"]
[Result "1/2-1/2"]
[ECO "B14"]
[WhiteElo "2334"]
[BlackElo "2277"]
[Annotator "ChessBase"]
[PlyCount "209"]
[EventDate "2019.08.19"]
[EventType "team-tourn"]
[EventCountry "ESP"]
[SourceTitle "playchess.com"]
[Source "ChessBase"]
[SourceQuality "1"]
[TimeControl "5400+30"]

1. e4 c6 2. d4 d5 3. exd5 cxd5 4. c4 Nf6 5. Nc3 g6 6. Qb3 Bg7 7. cxd5 O-O 8. Be2 Nbd7 9. Bf3 Nb6 10. Bg5 h6 11. Bxf6 Bxf6 12. Nge2 Bf5 13. Rd1 Rc8 14. O-O Nc4 15. Ng3 Na5 16. Qb5 Rc4 17. d6 a6 18. dxe7 Bxe7 19. Qd5 Be6 20. Qxd8 Rxd8 21. d5 Bc8 22. Be2 Rb4 23. b3 Kg7 24. Rd3 h5 25. Rfd1 Bd6 26. Bf3 b5 27. Nce4 Be5 28. Nc5 Nb7 29. Nxa6 Rh4 30. Rc1 Bd7 31. b4 Rc4 32. Rdd1 Rdc8 33. Ne2 Bd6 34. Rxc4 bxc4 35. Nc3 Ra8 36. Nc7 Ra3 37. N7b5 Bxb5 38. Nxb5 Rxa2 39. Nxd6 Nxd6 40. Rb1 Kf6 41. Kf1 Ke5 42. b5 c3 43. b6 c2 44. Rc1 Kd4 45. Ke1 Kc3 46. Bd1 Kb3 47. Be2 Kb2 48. b7 Nxb7 49. Kd2 Kb3 50. Bd3 Nc5 51. Rxc2 Rxc2+ 52. Bxc2+ Kc4 53. d6 Kd5 54. d7 Nxd7 55. Bb3+ Kd6 56. Bxf7 Ne5 57. Bb3 Ke7 58. h4 Kf6 59. g3 Nf3+ 60. Ke3 Ne5 61. Kf4 Nd3+ 62. Ke3 Ne5 63. Ke4 Ng4 64. f3 Nh6 65. Kf4 Nf5 66. Bc2 Nd4 67. Bd3 Ne6+ 68. Ke3 Ng7 69. Bb5 Nf5+ 70. Kf4 Nd6 71. Bd7 Nf7 72. Be8 Nd6 73. Bc6 Nf7 74. Bd5 Nd6 75. Bc6 Nf7 76. Bd7 Ne5 77. Bh3 Nf7 78. Bf1 Ne5 79. Be2 Nf7 80. Bc4 Nd6 81. Bd5 Nf5 82. Be4 Nd4 83. Ke3 Ne6 84. f4 Ng7 85. Bb7 Nf5+ 86. Kf3 Nd4+ 87. Ke4 Nf5 88. Kf3 Nd4+ 89. Kf2 Nf5 90. Bc8 Nd6 91. Bd7 Ne4+ 92. Kf3 Nd6 93. Bh3 Nf7 94. Ke4 Nd6+ 95. Ke3 Nf7 96. Bg2 Nd6 97. Be4 Nf7 98. Bc2 Nd6 99. Bd3 Nf7 100. f5 gxf5 101. Kf4 Nd6 102. Bc2 Ne4 103. Bxe4 fxe4 104. Kxe4 Ke6 105. Kf4 {[%emt 0:01:03] Ke5+ Ke4+} 1/2-1/2

[Event "ESP-chT 2nd Division 2019"]
[Site "Linares"]
[Date "2019.08.23"]
[Round "7.28"]
[White "Jimenez Martinez, Jose Vicente"]
[Black "Jimenez Ruano, Adrian"]
[Result "1/2-1/2"]
[ECO "D38"]
[WhiteElo "2264"]
[BlackElo "2278"]
[Annotator "ChessBase"]
[PlyCount "60"]
[EventDate "2019.08.19"]
[EventType "team-tourn"]
[EventCountry "ESP"]
[SourceTitle "playchess.com"]
[Source "ChessBase"]
[SourceQuality "1"]
[TimeControl "5400+30"]

1. d4 d5 2. c4 e6 3. Nf3 Nf6 4. Nc3 Bb4 5. Bg5 h6 6. Bxf6 Qxf6 7. Qb3 c5 8. a3 Bxc3+ 9. bxc3 cxd4 10. cxd4 dxc4 11. Qxc4 O-O 12. e3 b6 13. Qc7 Ba6 14. Bxa6 Nxa6 15. Qe5 Qe7 16. O-O Rac8 17. a4 Nb4 18. Qb5 Nc6 19. Rfc1 Na5 20. Qa6 Rc7 21. h3 Nb3 22. Rxc7 Qxc7 23. Rb1 Na5 24. Rd1 Qc2 25. Ra1 Qc3 26. Rd1 Qc2 27. Ra1 Qc3 28. Rd1 Qc2 29. Ra1 Qc3 30. Rd1 Qc2 1/2-1/2

[Event "ESP-chT 2nd Division 2019"]
[Site "Linares"]
[Date "2019.08.23"]
[Round "7.29"]
[White "Sanchez Lopez, Juan Manuel"]
[Black "Alvarez Serrano, Carlos"]
[Result "1-0"]
[ECO "A13"]
[WhiteElo "2084"]
[BlackElo "2244"]
[Annotator "ChessBase"]
[PlyCount "59"]
[EventDate "2019.08.19"]
[EventType "team-tourn"]
[EventCountry "ESP"]
[SourceTitle "playchess.com"]
[Source "ChessBase"]
[SourceQuality "1"]
[TimeControl "5400+30"]

1. c4 e6 2. e4 c5 3. Nc3 Nc6 4. g3 Nd4 5. Bg2 Ne7 6. d3 Nec6 7. f4 g6 8. Nf3 Bg7 9. O-O O-O 10. Be3 d6 11. Kh1 Rb8 12. Bg1 a6 13. Nxd4 Nxd4 14. Ne2 b5 15. Nxd4 cxd4 16. cxb5 Rxb5 17. b3 Bb7 18. Rc1 Qa5 19. Rf2 f5 20. Rfc2 fxe4 21. dxe4 e5 22. Qg4 d3 23. Qe6+ Kh8 24. Rc7 d2 25. Qd7 Rg8 26. Rd1 Ba8 27. Qxd6 Qxa2 28. Rxd2 Qxb3 29. Rd3 Qb1 30. Rxg7 1-0

[Event "ESP-chT 2nd Division 2019"]
[Site "Linares"]
[Date "2019.08.23"]
[Round "7.30"]
[White "Jimenez Fernandez, Rebeca"]
[Black "Catalan Gasque, Noelia"]
[Result "1-0"]
[ECO "C00"]
[WhiteElo "1928"]
[BlackElo "1789"]
[Annotator "NA"]
[PlyCount "39"]
[EventDate "2019.08.19"]
[EventType "team-tourn"]
[EventCountry "ESP"]
[SourceTitle "playchess.com"]
[Source "ChessBase"]
[SourceQuality "1"]
[TimeControl "5400+30"]

1. e4 e6 2. d3 d5 3. Nd2 c5 4. Ngf3 Nc6 5. g3 Bd6 6. Bg2 b6 7. O-O Bb7 8. Re1 dxe4 9. dxe4 Ne5 10. Nxe5 Bxe5 11. c3 b5 12. f4 Bc7 13. c4 a6 14. Qe2 Bc6 15. Nb3 bxc4 16. Nxc5 Bb6 17. Be3 Bxc5 18. Bxc5 Qd3 19. Qg4 Qd8 20. Qxg7 1-0

[Event "ESP-chT 2nd Division 2019"]
[Site "Linares"]
[Date "2019.08.23"]
[Round "7.31"]
[White "Santamaria Fernandez, Guillermo"]
[Black "Portela Peleteiro, Alberto"]
[Result "1/2-1/2"]
[ECO "B24"]
[WhiteElo "2177"]
[BlackElo "2375"]
[Annotator "ChessBase"]
[PlyCount "69"]
[EventDate "2019.08.19"]
[EventType "team-tourn"]
[EventCountry "ESP"]
[SourceTitle "playchess.com"]
[Source "ChessBase"]
[SourceQuality "1"]
[TimeControl "5400+30"]

1. e4 c5 2. Nc3 Nc6 3. Bb5 Nd4 4. Nf3 Nxb5 5. Nxb5 d6 6. d4 a6 7. Nc3 cxd4 8. Qxd4 Nf6 9. Bg5 h6 10. Bh4 g5 11. Bg3 Bg7 12. O-O-O Nh5 13. Qd2 Nxg3 14. hxg3 Bg4 15. Nd5 Rc8 16. Ne3 Be6 17. Nd4 Qb6 18. b3 Qc5 19. Kb1 Qe5 20. Qd3 O-O 21. f4 Qxd4 22. Qxd4 Bxd4 23. Rxd4 Rc3 24. Rd3 Rxd3 25. cxd3 Kg7 26. f5 Bd7 27. Kb2 e6 28. g4 Bc6 29. Kc3 Rc8 30. Kd2 d5 31. exd5 Bxd5 32. Nxd5 exd5 33. Re1 Kf6 34. d4 Rc7 35. Kd3 {[%emt 0:04:11] Ke5 Ke4+} 1/2-1/2

[Event "ESP-chT 2nd Division 2019"]
[Site "Linares"]
[Date "2019.08.23"]
[Round "7.33"]
[White "Garcia Ortega, Jesus Angel"]
[Black "Fernandez Lopez, Ruben"]
[Result "1-0"]
[ECO "B20"]
[WhiteElo "2109"]
[BlackElo "2242"]
[Annotator "ChessBase"]
[PlyCount "145"]
[EventDate "2019.08.19"]
[EventType "team-tourn"]
[EventCountry "ESP"]
[SourceTitle "playchess.com"]
[Source "ChessBase"]
[SourceQuality "1"]
[TimeControl "5400+30"]

1. e4 c5 2. c4 Nc6 3. Nc3 g6 4. g3 Bg7 5. Bg2 Nf6 6. Nge2 O-O 7. O-O Rb8 8. a3 a6 9. b4 d6 10. Rb1 Bg4 11. h3 Bxe2 12. Nxe2 Ne8 13. Kh2 Nc7 14. f4 Ne6 15. b5 axb5 16. cxb5 Ncd4 17. Nc3 c4 18. a4 Nc5 19. Ba3 Ndb3 20. f5 Qa5 21. Nd5 Rfe8 22. Bb4 Qxa4 23. Bxc5 dxc5 24. fxg6 fxg6 25. e5 Rbd8 26. Qf3 Nxd2 27. Qf7+ Kh8 28. Rf4 Nxb1 29. Nxe7 Qc2 30. Rxc4 Rxe7 31. Qxe7 Qxc4 32. Qxd8+ Qg8 33. Qd3 Bxe5 34. Qxb1 b6 35. Qe4 Qb8 36. Qg4 Qc7 37. Bd5 Kg7 38. Kg2 Qd6 39. Bc4 Qd2+ 40. Be2 h5 41. Qe4 h4 42. Qxe5+ Kh7 43. gxh4 Qc2 44. h5 gxh5 45. Qxh5+ Kg7 46. Qg4+ Kf6 47. h4 Qb2 48. h5 Qd2 49. Kf3 Qd5+ 50. Kf2 Qd2 51. Qe4 Kf7 52. Qf5+ Ke7 53. Kf3 Qc3+ 54. Bd3 Qc1 55. Qe5+ Kf8 56. Qf4+ Qxf4+ 57. Kxf4 Kg7 58. Ke5 Kh6 59. Kd6 Kxh5 60. Kc6 Kg5 61. Kxb6 Kf6 62. Kc7 Ke5 63. b6 Kd4 64. Bh7 c4 65. b7 c3 66. b8=Q Ke3 67. Qd8 Ke2 68. Qd3+ Kf2 69. Qxc3 Ke2 70. Kd6 Kf1 71. Qd2 Kg1 72. Ke5 Kf1 73. Kf4 1-0

[Event "ESP-chT 2nd Division 2019"]
[Site "Linares"]
[Date "2019.08.23"]
[Round "7.34"]
[White "Garcia Sobrino, David"]
[Black "Cabeza Alfonso, Ricardo"]
[Result "1-0"]
[ECO "B40"]
[WhiteElo "2195"]
[BlackElo "1999"]
[Annotator "ChessBase"]
[PlyCount "91"]
[EventDate "2019.08.19"]
[EventType "team-tourn"]
[EventCountry "ESP"]
[SourceTitle "playchess.com"]
[Source "ChessBase"]
[SourceQuality "1"]
[TimeControl "5400+30"]

1. e4 c5 2. Nf3 e6 3. b3 Nc6 4. Bb2 d6 5. d4 cxd4 6. Nxd4 Nf6 7. Nxc6 bxc6 8. e5 Nd5 9. exd6 Bxd6 10. Bd3 Qh4 11. Nd2 O-O 12. a3 e5 13. O-O Bg4 14. Be2 Bxe2 15. Qxe2 Rae8 16. Ne4 Bc7 17. g3 Qh6 18. c4 Ne7 19. Nc5 f5 20. Nd7 f4 21. Nxf8 Rxf8 22. gxf4 Rxf4 23. Bc1 Qg6+ 24. Kh1 Rg4 25. f3 Rh4 26. Rg1 Qf7 27. Bg5 Rh5 28. Bxe7 e4 29. f4 Bxf4 30. Rg2 Bxh2 31. Rxh2 Rxh2+ 32. Qxh2 Qf3+ 33. Qg2 Qh5+ 34. Kg1 Qe5 35. Re1 Qxe7 36. Qxe4 Qg5+ 37. Kf2 h6 38. Qe8+ Kh7 39. Qe4+ Kg8 40. Qxc6 Qh4+ 41. Kf1 Qf4+ 42. Ke2 Qe5+ 43. Kf2 Qh2+ 44. Qg2 Qf4+ 45. Qf3 Qh2+ 46. Kf1 1-0

[Event "ESP-chT 2nd Division 2019"]
[Site "Linares"]
[Date "2019.08.23"]
[Round "7.35"]
[White "Arce Calva, Elvira"]
[Black "Lorenzo Serrano, Henar"]
[Result "1-0"]
[ECO "B01"]
[WhiteElo "1838"]
[BlackElo "1719"]
[Annotator "NA"]
[PlyCount "113"]
[EventDate "2019.08.19"]
[EventType "team-tourn"]
[EventCountry "ESP"]
[SourceTitle "playchess.com"]
[Source "ChessBase"]
[SourceQuality "1"]
[TimeControl "5400+30"]

1. e4 d5 2. exd5 Nf6 3. d4 Bg4 4. Be2 Bxe2 5. Qxe2 Qxd5 6. Nf3 Nc6 7. O-O O-O-O 8. c3 Qh5 9. Re1 e6 10. Nbd2 g5 11. Ne5 Nxe5 12. Qxh5 Nxh5 13. Rxe5 Nf4 14. Re3 h5 15. Nb3 Bg7 16. Re4 f5 17. Re1 Rd6 18. Nc5 Re8 19. Bxf4 gxf4 20. Nd3 Bh6 21. Re2 b6 22. Rae1 f3 23. gxf3 Rg8+ 24. Kf1 Kd7 25. Ne5+ Ke7 26. Nc4 Rc6 27. d5 Rxc4 28. Rxe6+ Kd7 29. Rxh6 Rh4 30. Ree6 Rxh2 31. Rh7+ Kd8 32. Ree7 Rgg2 33. Rd7+ Ke8 34. Ke2 Rxf2+ 35. Ke3 Re2+ 36. Kf4 Rh4+ 37. Kg5 Rc4 38. Kf6 h4 39. Rdg7 Kd8 40. Rd7+ Ke8 41. Rdg7 Kd8 42. Rd7+ Ke8 43. Kxf5 h3 44. Rxc7 Rxc7 45. Rxc7 h2 46. Rh7 Rxb2 47. Ke6 Re2+ 48. Kd6 Rxa2 49. Rh8+ Kf7 50. Kd7 Rd2 51. d6 a5 52. Kc7 a4 53. d7 a3 54. Rxh2 a2 55. Rh1 Ke7 56. Re1+ Kf7 57. d8=Q 1-0

[Event "ESP-chT 2nd Division 2019"]
[Site "Linares"]
[Date "2019.08.23"]
[Round "7.36"]
[White "Gonzalez Trigal, Jose Luis"]
[Black "Narciso Dublan, Marc"]
[Result "1-0"]
[ECO "D35"]
[WhiteElo "2352"]
[BlackElo "2483"]
[Annotator "ChessBase"]
[PlyCount "107"]
[EventDate "2019.08.19"]
[EventType "team-tourn"]
[EventCountry "ESP"]
[SourceTitle "playchess.com"]
[Source "ChessBase"]
[SourceQuality "1"]
[TimeControl "5400+30"]

1. d4 d5 2. c4 e6 3. Nc3 Nf6 4. Nf3 Nbd7 5. cxd5 exd5 6. Bf4 c6 7. e3 Nh5 8. Bg5 Be7 9. Bxe7 Qxe7 10. Be2 Nhf6 11. O-O O-O 12. Qc2 Re8 13. Rab1 Nb6 14. Rfe1 Be6 15. Bd3 g6 16. Na4 Nxa4 17. Qxa4 Ne4 18. Qc2 Bf5 19. b4 Rac8 20. Nd2 Nd6 21. a4 Bxd3 22. Qxd3 a6 23. Nb3 Rc7 24. Nc5 Qg5 25. Qd1 h5 26. Qf3 h4 27. g3 f6 28. Qf4 Qxf4 29. gxf4 g5 30. fxg5 fxg5 31. Nd3 Rf8 32. h3 Nc4 33. Re2 Kh7 34. Kh2 Rcf7 35. Rg1 Rf5 36. Rg4 Re8 37. Kg2 Kh6 38. e4 Nd6 39. e5 Nf7 40. b5 axb5 41. axb5 Nd8 42. Rb2 Ne6 43. bxc6 bxc6 44. Rc2 Rc8 45. f3 Kh5 46. Rc3 Rf7 47. Kf2 Ra7 48. f4 Ra2+ 49. Kg1 Nxd4 50. Rxg5+ Kh6 51. Kf1 Rb8 52. e6 Ne2 53. Rxc6 Rb1+ 54. Ne1 1-0

[Event "ESP-chT 2nd Division 2019"]
[Site "Linares"]
[Date "2019.08.23"]
[Round "7.38"]
[White "Sanchez Jerez, Emilio Miguel"]
[Black "Lizuain Toni, Javier"]
[Result "1-0"]
[ECO "A04"]
[WhiteElo "2141"]
[BlackElo "1884"]
[Annotator "ChessBase"]
[PlyCount "99"]
[EventDate "2019.08.19"]
[EventType "team-tourn"]
[EventCountry "ESP"]
[SourceTitle "playchess.com"]
[Source "ChessBase"]
[SourceQuality "1"]
[TimeControl "5400+30"]

1. Nf3 f5 2. d3 Nf6 3. e4 e6 4. e5 Nd5 5. Bg5 Be7 6. h4 Nc6 7. c4 Nb6 8. c5 Nd5 9. Nc3 h6 10. Bxe7 Qxe7 11. d4 O-O 12. Nxd5 exd5 13. Qb3 d6 14. cxd6 cxd6 15. Qxd5+ Be6 16. Qxd6 Qxd6 17. exd6 Rad8 18. Bb5 Rxd6 19. Bxc6 Rxc6 20. Kd2 Rfc8 21. Ke3 Rc2 22. Rhd1 Bd5 23. Rd2 Re8+ 24. Ne5 f4+ 25. Kd3 Rxd2+ 26. Kxd2 Bxg2 27. f3 Rc8 28. Kd3 Kf8 29. b4 Bh3 30. Ke4 Ke7 31. Rg1 Rg8 32. Kxf4 Be6 33. a3 Bd5 34. Rg6 Bb3 35. Rg1 Bd5 36. Ng6+ Kf6 37. h5 Rc8 38. Ne5 Bf7 39. Nd7+ Ke6 40. Nc5+ Kd5 41. Rxg7 Bxh5 42. Rd7+ Kc4 43. Ne6 Kb3 44. Rxb7 Kxa3 45. b5 Rc3 46. Rxa7+ Kb4 47. b6 Rxf3+ 48. Ke5 Re3+ 49. Kd6 Bf3 50. b7 1-0

[Event "ESP-chT 2nd Division 2019"]
[Site "Linares"]
[Date "2019.08.23"]
[Round "7.39"]
[White "Roldan Marques, Marta"]
[Black "Escudero Manzano, Sergio"]
[Result "0-1"]
[ECO "B24"]
[WhiteElo "1886"]
[BlackElo "2190"]
[Annotator "ChessBase"]
[PlyCount "68"]
[EventDate "2019.08.19"]
[EventType "team-tourn"]
[EventCountry "ESP"]
[SourceTitle "playchess.com"]
[Source "ChessBase"]
[SourceQuality "1"]
[TimeControl "5400+30"]

1. e4 c5 2. Nc3 Nc6 3. Bb5 Nd4 4. Bc4 d6 5. Nge2 e5 6. Nxd4 exd4 7. Ne2 Be6 8. Bxe6 fxe6 9. d3 Ne7 10. O-O Qd7 11. Bd2 g6 12. f4 Bg7 13. Qe1 O-O 14. g4 Rac8 15. c4 d5 16. cxd5 exd5 17. e5 Qxg4+ 18. Kh1 Nf5 19. Qf2 Qh3 20. Qf3 Qxf3+ 21. Rxf3 Rc6 22. Ng3 Nxg3+ 23. hxg3 Bxe5 24. Re1 Bf6 25. f5 g5 26. g4 c4 27. Bb4 Rfc8 28. dxc4 dxc4 29. Rc1 Re8 30. Rf2 Re4 31. Rg2 c3 32. b3 d3 33. Ba3 d2 34. Rd1 Be7 0-1

[Event "ESP-chT 2nd Division 2019"]
[Site "Linares"]
[Date "2019.08.23"]
[Round "7.40"]
[White "Gil Quilez, Sonia"]
[Black "Beaumont Arizaleta, Mikel"]
[Result "1-0"]
[ECO "A58"]
[WhiteElo "2102"]
[BlackElo "1754"]
[Annotator "ChessBase"]
[PlyCount "135"]
[EventDate "2019.08.19"]
[EventType "team-tourn"]
[EventCountry "ESP"]
[SourceTitle "playchess.com"]
[Source "ChessBase"]
[SourceQuality "1"]
[TimeControl "5400+30"]

1. d4 Nf6 2. c4 c5 3. d5 b5 4. cxb5 a6 5. bxa6 g6 6. Nc3 Bg7 7. e4 O-O 8. a7 Rxa7 9. Nf3 d6 10. Be2 Bg4 11. Nd2 Bxe2 12. Qxe2 Nbd7 13. Nc4 Qa8 14. O-O Rb7 15. a3 Rb3 16. Qc2 Rfb8 17. Bd2 Qa6 18. Nd1 Ng4 19. Na5 R3b6 20. Nc6 Re8 21. Ba5 Rb7 22. Rb1 Nxh2 23. Re1 Ng4 24. b4 Nge5 25. Nxe5 Nxe5 26. Ne3 Rc8 27. Red1 h5 28. f4 Nd7 29. Kf2 Rbb8 30. Qe2 Qxe2+ 31. Kxe2 cxb4 32. axb4 Nf6 33. Kd3 Nd7 34. Rdc1 Bh6 35. g3 h4 36. Ng4 Bg7 37. gxh4 Kh7 38. Rc6 Nf6 39. Nxf6+ Bxf6 40. Rbc1 Rh8 41. Kc4 Kg7 42. b5 Rxh4 43. Rf1 Rh3 44. Bd2 Ra3 45. b6 Ra2 46. Bb4 Re2 47. Re1 Rf2 48. Kb5 Rb2 49. e5 dxe5 50. fxe5 Bg5 51. Re4 Bd2 52. d6 exd6 53. exd6 g5 54. Rcc4 f5 55. Re7+ Kg6 56. b7 g4 57. Kc5 g3 58. Bxd2 Rxd2 59. Kc6 Rb2 60. Rc7 g2 61. Rc1 f4 62. d7 f3 63. Rc8 R8xb7 64. Rg8+ Kf5 65. d8=Q R7b6+ 66. Qxb6 Rxb6+ 67. Kxb6 Kf4 68. Rg1 1-0